 Seeded DCSS version 0.27.1-34-g3ba077fa99 (webtiles) character file.

Game seed: 74894893043 (custom seed)

675 lonewolfV2 the Chopper (level 7, 0/60 HPs)
             Began as a Minotaur Fighter on Jan 6, 2022.
             Slain by Pikel (1 damage)
             ... on level 5 of the Dungeon.
             The game lasted 00:08:28 (2491 turns).

lonewolfV2 the Chopper (Minotaur Fighter)           Turns: 2491, Time: 00:08:28

Health: 0/60       AC: 18    Str: 22    XL:     7   Next: 33%
Magic:  6/6        EV:  8    Int:  5    God:
Gold:   168        SH: 10    Dex: 10    Spells: 6/6 levels left

rFire    . . .     SeeInvis .   q - +3 dagger
rCold    . . .     Faith    .   c - +0 kite shield
rNeg     . . .     Spirit   .   k - +4 scale mail
rPois    +         Reflect  .   (helmet restricted)
rElec    .         Harm     .   i - +2 cloak
rCorr    .         Rampage  .   (no gloves)
Will     .....                  (no boots)
Stlth    ..........             (no amulet)
HPRegen  0.20/turn              e - ring of poison resistance
MPRegen  0.10/turn              g - +4 ring of protection

@: no status effects
A: horns 2, retaliatory headbutt
a: no special abilities


You were on level 5 of the Dungeon.
You visited 1 branch of the dungeon, and saw 6 of its levels.

You collected 168 gold pieces.

Inventory:

Hand Weapons
 a - a +0 war axe
 q - a +3 dagger (weapon)
Armour
 b - a +0 scale mail
 c - a +0 kite shield (worn)
 i - a +2 cloak (worn)
 k - a +4 scale mail (worn)
Jewellery
 e - a ring of poison resistance (left hand)
 g - a +4 ring of protection (right hand)
Wands
 n - a wand of flame (24)
Scrolls
 l - 2 scrolls of teleportation
 m - a scroll of identify
Potions
 d - a potion of might
 f - a potion of haste {unknown}
 j - a potion of lignification {unknown}
 o - a potion of attraction {unknown}
 p - a potion of heal wounds {unknown}


   Skills:
 + Level 4.8 Fighting
 + Level 0.9 Short Blades
 + Level 6.4 Axes
 + Level 5.3 Armour
 + Level 2.2 Dodging
 + Level 1.0 Stealth
 + Level 5.6 Shields


You had 6 spell levels left.
You didn't know any spells.
Your spell library contained the following spells:

 Spells                   Type           Power      Damage    Failure   Level
 Beastly Appendage        Tmut           0%         N/A       99%         1
 Freeze                   Ice            0%         1d3       99%         1
 Wereblood                Tmut           0%         N/A       100%        2
 Frozen Ramparts          Ice            0%         1d2       100%        3
 Spider Form              Tmut/Pois      0%         N/A       100%        3
 Hailstorm                Conj/Ice       0%         3d3       100%        4


Dungeon Overview and Level Annotations

Branches:
Dungeon (6/15)
 Temple: D:4-7

Altars:

Annotations:
D:5 Pikel


Innate Abilities, Weirdness & Mutations

You have a pair of horns on your head.
You reflexively headbutt those who attack you in melee.


Message History

You hit Pikel.
Pikel is lightly wounded.
You block the lemure's attack. Pikel hits you but does no damage.
The lemure hits you but does no damage.
You hit Pikel. Your headbutt misses Pikel.
Pikel is lightly wounded.
Pikel hits you but does no damage. You block the lemure's attack. x2
You hit Pikel but do no damage. Your headbutt misses Pikel.
Pikel is lightly wounded.
You block Pikel's attack. The lemure hits you.
* * * LOW HITPOINT WARNING * * *
The lemure closely misses you.
You feel better. You block Pikel's attack. You block the lemure's attack.
The lemure hits you but does no damage.
You hit Pikel but do no damage. Your headbutt misses Pikel.
Pikel is lightly wounded.
Pikel hits you with a +0 whip of flaming.
* * * LOW HITPOINT WARNING * * *
Pikel burns you.
* * * LOW HITPOINT WARNING * * *
The lemure closely misses you. You furiously retaliate!
You headbutt the lemure. You block the lemure's attack.
Pikel hits you with a +0 whip of flaming.
* * * LOW HITPOINT WARNING * * *
Pikel burns you.
* * * LOW HITPOINT WARNING * * *
You barely miss Pikel.
Pikel is lightly wounded.
The lemure hits you.
* * * LOW HITPOINT WARNING * * *
The lemure hits you but does no damage. Pikel barely misses you.
You closely miss Pikel.
Pikel is lightly wounded.
The lemure hits you.
* * * LOW HITPOINT WARNING * * *
The lemure hits you but does no damage.
Pikel hits you with a +0 whip of flaming!
* * * LOW HITPOINT WARNING * * *
Pikel burns you.
You die...

#.##'######.##)..##
#.#......##.#8...8#
#.+....)....##)..##
###.......####...#
##'#....# #...##
#)#....# 8...8#
#.#########...##
#..#8###8##...##
#..@./..........
#.5K5.....[.⌠...
#................
#.##8###8##...##
#.#### ### ..# #.#
.8# #.# ## #.


You could see Pikel and 2 lemures.

Vanquished Creatures
  Grinder (D:3)
  Menkaure (D:5)
  A black bear (D:4)
  An ogre (D:5)
  A howler monkey (D:5)
  4 gnolls (D:5)
  4 adders
  An ufetubus (D:5)
  3 worms
  5 orcs
  5 bats
  6 endoplasms
  A giant cockroach (D:2)
  4 goblins
  4 hobgoblins
  3 jackals (D:2)
  3 quokkas
  4 ball pythons
  2 frilled lizards
  10 kobolds
  4 rats
68 creatures vanquished.

Notes
Turn   | Place    | Note
-------+----------+-------------------------------------------
     0 | D:1      | lonewolfV2 the Minotaur Fighter began the quest for the
                  | Orb.
     0 | D:1      | Reached XP level 1. HP: 19/19 MP: 0/0
   262 | D:1      | Found a faded altar of an unknown god.
   265 | D:1      | Reached XP level 2. HP: 27/27 MP: 1/1
   912 | D:2      | Reached skill level 3 in Axes
   912 | D:2      | Reached XP level 3. HP: 29/33 MP: 2/2
  1522 | D:3      | Reached XP level 4. HP: 40/40 MP: 3/3
  1611 | D:3      | Reached skill level 1 in Dodging
  1915 | D:3      | Noticed Grinder
  1929 | D:3      | Killed Grinder
  1930 | D:3      | Reached skill level 5 in Axes
  1930 | D:3      | Reached XP level 5. HP: 41/47 MP: 4/4
  1930 | D:3      | Reached XP level 6. HP: 46/53 MP: 5/5
  2243 | D:4      | Reached skill level 5 in Shields
  2260 | D:4      | You fall into a shaft and drop 2 floors!
  2278 | D:5      | Entered Level 5 of the Dungeon
  2357 | D:5      | Reached skill level 6 in Axes
  2357 | D:5      | Reached skill level 5 in Armour
  2415 | D:5      | Reached XP level 7. HP: 56/60 MP: 6/6
  2450 | D:5      | Noticed Menkaure
  2462 | D:5      | Killed Menkaure
  2463 | D:5      | Reached skill level 1 in Stealth
  2477 | D:5      | Noticed Pikel
  2491 | D:5      | HP: 1/60 [Pikel (7)]
  2491 | D:5      | Slain by Pikel

Illustrated notes

Levels and vault maps discovered:
D:1:      nagdon_arrival_zigzag_paths, layout_basic,
          shapermc_ecumenical_altar_venn
D:2:      layout_rooms, grunt_decor_resistance
D:3:      layout_basic, uniq_grinder
D:4:      layout_rooms, minmay_misc_feat_diagonals, corexii_checkpoint_b,
          uniq_robin
D:5:      layout_basic, temple_statues, serial_corexii_hall,
          corexii_hall_statues_x, corexii_hall_statues_l, uniq_menkaure,
          uniq_pikel, uniq_prince_ribbit1
D:6:      layout_rooms, hellmonk_ghost_happy_afterlife

Skill      XL: |  1  2  3  4  5  6  7 |
---------------+----------------------+-----
Shields        | 4 5 |  5.6
Fighting       | 4 |  4.8
Axes           | 3 5 6 |  6.4
Armour         | 4 5 |  5.3
Dodging        | 1 2 |  2.2
Stealth        | 1 |  1.0
Short Blades   | |  0.9

Action                   |  1- 3 |  4- 6 |  7- 9 || total
-------------------------+-------+-------+-------++-------
Melee: War axe           |   100 |    40 |       ||   140
       Headbutt          |    11 |    10 |     4 ||    25
       Dagger            |       |    17 |    29 ||    46
  Use: Scroll            |     3 |       |       ||     3
       Potion            |       |       |     1 ||     1
Armor: Scale mail        |    69 |    28 |    18 ||   115
       Skin              |     1 |       |       ||     1
Dodge: Dodged            |    43 |    16 |     9 ||    68
Block: Kite shield       |    82 |    26 |    24 ||   132
